 Dungeon Crawl Stone Soup version bcrawl-1.35.4c (webtiles) character file.

Game seed: 7120360806224271937

254686 einarkeyser the Quickloader (level 8, -1/65 HPs)
             Began as a Human Hunter on Feb 22, 2022.
             Was a Believer of Qazlal.
             Slain by an orc wizard
             ... wielding a +0 dagger of venom
              (2 damage)
             ... on level 5 of the Dungeon.
             The game lasted 00:14:40 (3708 turns).

einarkeyser the Quickloader (Human Hunter)          Turns: 3708, Time: 00:14:40

Health: -1/65      AC:  7    Str: 12    XL:     8   Next: 27%
Magic:  8/8        EV:  9    Int: 12    God:    Qazlal [**....]
Gold:   257        SH:  2    Dex: 18    Spells: 7/7 levels left

rFire    . . .     SeeInvis .   v - +1 dagger (venom)
rCold    . . .     Gourm    .   (no shield)
rNeg     . . .     Faith    .   t - +0 scale mail
rPois    .         Spirit   .   o - +0 helmet
rElec    .         Reflect  .   (no cloak)
rCorr    .                      (no gloves)
MR       .....                  (no boots)
Stlth    +.........             (no amulet)
HPRegen  0.20/turn              i - ring of Wuquiq {+Fly Dex+2}
MPRegen  0.11/turn              (no ring)

@: lethally poisoned (-1 -> -7)
A: no striking features
a: Upheaval, Renounce Religion, Evoke Flight


You were on level 5 of the Dungeon.
You worshipped Qazlal.
Qazlal was pleased with you.
You were not hungry.

You visited 1 branch of the dungeon, and saw 5 of its levels.

You collected 257 gold pieces.

Inventory:

Hand Weapons
 a - a +2 hand crossbow
 b - a +0 short sword
 v - a +1 dagger of venom (weapon)
Missiles
 d - 2 bolts
Armour
 c - a +1 leather armour
 o - a +0 helmet (worn)
 t - a +0 scale mail (worn)
Jewellery
 i - the ring of Wuquiq (left hand) {+Fly Dex+2}
   (You found it on level 1 of the Dungeon)

   [ring of flight]

   It affects your dexterity (+2).
   It lets you fly.
 l - an uncursed ring of poison resistance {unknown}
 m - a +5 ring of strength {unknown}
 r - an uncursed ring of resist corrosion {unknown}
Wands
 p - a wand of random effects (9)
 u - a wand of scattershot (6)
Scrolls
 f - 3 scrolls of teleportation
 h - a scroll of immolation
 q - a scroll of enchant weapon
 x - a scroll of noise
 y - a scroll of magic mapping
Potions
 g - a potion of brilliance {unknown}
 j - 2 potions of curing
 k - a potion of berserk rage {unknown}
 n - a potion of haste {unknown}
 s - a potion of invisibility {unknown}
 z - a potion of lignification {unknown}
 A - 3 potions of heal wounds {unknown}
Comestibles
 e - 8 rations {!d}


   Skills:
 + Level 6.4 Fighting
 + Level 8.1 Crossbows
 - Level 2.1 Dodging
 - Level 2.0 Stealth


You had 7 spell levels left.
You didn't know any spells.
Your spell library contained the following spells:

 Spells                   Type           Power        Failure   Level  Hunger
 Magic Dart               Conj           #...         88%         1    None
 Searing Ray              Conj           #.......     95%         2    ####...
 Confuse                  Hex            #.......     99%         3    #####..
 Dazzling Orbs            Conj/Hex       #......      99%         3    #####..
 Iskenderun's Mystic Bla  Conj           #.......     99%         3    #####..
 Fulminant Prism          Conj/Hex       #.........   100%        4    ######.
 Petrify                  Tmut/Erth      #.........   100%        4    ######.
 Yara's Violent Unravell  Hex/Tmut       #.........   100%        4    ######.
 Irradiate                Conj/Tmut      #.........   100%        5    #######
 Metabolic Englaciation   Hex/Ice        #.........   100%        5    #######
 Mana Rupture             Conj/Hex       #.........   100%        7    #######


Dungeon Overview and Level Annotations

Branches:
Dungeon (5/12)             Temple (0/1) D:4

Altars:
Elyvilon
Nemelex Xobeh
Qazlal
Ru
Vehumet


Message History

The orc shouts!
You hit the orc but do no damage.
The orc looks more poisoned.
You hear a shout!
The orc barely misses you.
You hit the orc.
You kill the orc!
Qazlal accepts your kill.
An orc comes into view.
It is wielding a +0 club and quivering 46 poisoned tomahawks.
Items here: )) [ † a cursed -1 club; a +0 leather armour; a +0 giant spiked club; an ogre corpse You hit the orc wizard.
The orc wizard is poisoned.
The orc wizard is lightly wounded.
The orc wizard hits you but does no damage.
You are lethally poisoned!
You barely miss the orc wizard.
The orc wizard is lightly wounded.
* * * LOW HITPOINT WARNING * * *
You feel sick.
The orc wizard hits you with a +0 dagger of venom.
You die...

...........# ...........#
...........# .........).#
....>..o...# .......o...#
#######{#### #o# #@# #.#
#.# #.# #.# #.# #######
#.###### #.....# #......#
#.###.###########.######.


You could see an orc wizard and 2 orcs.

Vanquished Creatures
  Grinder (D:4)
  2 ogres
  A bullfrog (D:4)
  A scorpion (D:4)
  An orc priest (D:3)
  A crimson imp (D:4)
  A hound (D:4)
  A bullfrog skeleton (D:4)
  A gnoll shaman (D:4)
  An orc wizard (D:3)
  A worker ant (D:4)
  5 gnolls (D:4)
  5 adders
  An ooze (D:2)
  A dart slug (D:1)
  3 worms
  10 leopard geckos
  3 orcs
  8 giant cockroaches
  8 goblins
  5 hobgoblins
  6 jackals
  2 quokkas (D:2)
  2 ball pythons (D:4)
  3 bats
  8 frilled lizards
  12 kobolds
  8 rats
102 creatures vanquished.

Vanquished Creatures (others)
  A hound skeleton (D:3)
  2 plants (D:3)
3 creatures vanquished.

Grand Total: 105 creatures vanquished

Notes
Turn   | Place    | Note
-------+----------+-------------------------------------------
     0 | D:1      | einarkeyser the Human Hunter began the quest for the Orb.
     0 | D:1      | Reached XP level 1. HP: 16/16 MP: 1/1
    86 | D:1      | Got a scorched jade ring
   152 | D:1      | Reached XP level 2. HP: 17/22 MP: 2/2
   377 | D:1      | Reached XP level 3. HP: 28/28 MP: 3/3
   910 | D:2      | Reached skill level 5 in Crossbows
   970 | D:2      | Reached XP level 4. HP: 35/35 MP: 4/4
  1021 | D:2      | Identified the ring of Wuquiq {+Fly Dex+2} (You found it on
                  | level 1 of the Dungeon)
  1039 | D:2      | Found a sacrificial altar of Ru.
  1285 | D:2      | Found a sparkling altar of Nemelex Xobeh.
  1292 | D:2      | Found a white marble altar of Elyvilon.
  1300 | D:2      | Found a stormy altar of Qazlal.
  1582 | D:2      | Became a worshipper of Qazlal Stormbringer
  1855 | D:3      | Reached XP level 5. HP: 41/41 MP: 5/5
  2289 | D:3      | Found a faded altar of an unknown god.
  2582 | D:3      | Reached * piety under Qazlal
  2675 | D:4      | Reached skill level 6 in Crossbows
  2675 | D:4      | Reached XP level 6. HP: 46/48 MP: 6/6
  2681 | D:4      | Noticed an ogre
  2688 | D:4      | Killed an ogre
  2700 | D:4      | Found a radiant altar of Vehumet.
  2744 | D:4      | Found a staircase to the Ecumenical Temple.
  2777 | D:4      | Noticed Grinder
  2784 | D:4      | Killed Grinder
  2785 | D:4      | Reached skill level 5 in Fighting
  2785 | D:4      | Reached skill level 7 in Crossbows
  2785 | D:4      | Reached XP level 7. HP: 40/56 MP: 7/7
  3080 | D:4      | Reached XP level 8. HP: 13/64 MP: 8/8
  3445 | D:4      | Reached ** piety under Qazlal
  3551 | D:5      | Entered Level 5 of the Dungeon
  3700 | D:5      | HP: 2/64 [ogre/+0 giant spiked club (18)]
  3702 | D:5      | Reached skill level 8 in Crossbows
  3708 | D:5      | HP: 1/65 [poisoned by an orc wizard]
  3708 | D:5      | Slain by an orc wizard

Skill      XL: |  1  2  3  4  5  6  7  8 |
---------------+-------------------------+-----
Stealth        | 2 |  2.0
Crossbows      | 5 6 7 8 |  8.1
Fighting       | 3 4 5 6 |  6.4
Dodging        | |  2.1

Action                   |  1- 3 |  4- 6 |  7- 9 || total
-------------------------+-------+-------+-------++-------
Melee: Short sword       |       |    20 |       ||    20
       Dagger            |       |       |    53 ||    53
 Fire: Hand crossbow     |    88 |   118 |    32 ||   238
  Use: Scroll            |       |     8 |       ||     8
       Potion            |       |       |     1 ||     1
  Eat: Chunk             |     3 |    10 |     5 ||    18
Armor: Leather armour    |     4 |     4 |       ||     8
       Scale mail        |       |    19 |    28 ||    47
Dodge: Dodged            |    13 |    26 |    26 ||    65
Block: Other             |       |     1 |     5 ||     6
